 Dungeon Crawl Stone Soup version 0.32-a0-975-g85d4e5bfdb (webtiles) character file.

Game seed: 9214965800202262709

121 Maxmaps the Cudgeller (level 5, -17/79 HPs)
             Began as an Oni Shapeshifter on Apr 19, 2024.
             Demolished by an orc
             ... wielding a +0 hand axe of distortion
              (20 damage)
             ... on level 3 of the Dungeon.
             The game lasted 00:02:16 (1560 turns).

Maxmaps the Cudgeller (Oni Shapeshifter)            Turns: 1560, Time: 00:02:17

Health: -17/79     AC:  5    Str: 17 (18) XL:     5   Next: 5%
Magic:  5/5        EV:  8    Int: 11      God:
Gold:   166        SH:  0    Dex:  8 (10) Spells: 4/4 levels left

rFire   + . .        n - +0 flail
rCold   . . .        (no shield)
rNeg    . . .        a - +0 animal skin
rPois   .            (helmet currently unavailable)
rElec   .            (cloak currently unavailable)
rCorr   .            (gloves unavailable)
SInv    .            (boots unavailable)
Will    .....        (no amulet) Stlth
                     g - ring of protection from fire
HPRegen 0.33/turn    (no ring)
MPRegen 0.09/turn

%: random rage (3%)
@: confused, berserking, beast-form, very quick
A: beast (slay +1), large, unfitting armour, horns 1, tough skin 1, double
potion healing, drunken brawling, iridescent scales 1, berserk 1
a: Begin Untransformation


You were on level 3 of the Dungeon.
You were a hulking beast.
You visited 1 branch of the dungeon, and saw 3 of its levels.

You collected 166 gold pieces.

Inventory:

Hand Weapons
 b - the +8 rapier of Disharmony {protect, ^Drain rN+ Str+3 Int+5}
   (You found it on level 2 of the Dungeon)

   Str+3:     It affects your strength (+3).
   Int+5:     It affects your intelligence (+5).
   rN+:       It protects you from negative energy.
   ^Drain:    It drains your maximum health when unequipped.
 n - a +0 flail (weapon)
Armour
 a - a +0 animal skin (worn)
Jewellery
 g - a ring of protection from fire (left hand)
Talismans
 c - a beast talisman (active)
 d - a flux talisman
Wands
 e - a wand of light (10)
Scrolls
 f - a scroll of poison
 l - a scroll of enchant armour {unknown}
 m - a scroll of immolation
Potions
 h - a potion of mutation
 i - a potion of degeneration
 j - a potion of might {unknown}
 k - a potion of magic


   Skills:
 - Level 3.0 Fighting
 + Level 4.0 Maces & Flails
 - Level 1.7 Dodging
 - Level 2.6 Unarmed Combat
 - Level 3.0 Shapeshifting


You had 4 spell levels left.
You didn't know any spells.
Your spell library contained the following spells:

 Spells                   Type           Power      Damage    Failure   Level
 Freeze                   Ice            0%         1d3       34%         1
 Frozen Ramparts          Ice            0%         1d1       71%         3
 Hailstorm                Conj/Ice       0%         3d5       71%         3


Dungeon Overview and Level Annotations

Branches:
Dungeon (3/15)

Altars:


Innate Abilities, Weirdness & Mutations

You are a hulking beast.
Your limbs bulge with bestial killing power. (Slay +1)
You are too large for most types of armour.
You have a pair of small horns on your head.
You have tough skin. (AC +1)
You gain doubled healing and magic from potions.
Whenever you drink a healing potion, you attack all around you.
You are partially covered in iridescent scales. (AC +2)
You sometimes lose your temper in combat.


Message History

You see here a +0 helmet.
You see here a +0 helmet.
You hit the orc.
The orc is lightly wounded.
The orc closely misses you. The orc barely misses you.
You hear some strange, mumbled words.
A puff of flame appears from out of thin air!
The puff of flame hits you. You resist. The orc hits you with a +0 hand axe.
You closely miss the orc.
The orc is lightly wounded.
The orc hits you with a +0 hand axe of distortion.
Space warps horribly around you! Something hits you.
The orc hits you but does no damage. Space warps around you!
You bump into the rock wall.
You feel less confused. Something hits you but does no damage.
The orc hits you but does no damage. The orc barely misses you.
You closely miss the orc. You headbutt the orc.
The orc is heavily wounded.
Something hits you. The orc barely misses you. The orc completely misses you.
The orc hits you but does no damage. Space warps horribly around you!!
* * * LOW HITPOINT WARNING * * *
Something hits you but does no damage.
A red film seems to cover your vision as you go berserk!
You feel yourself moving faster!
You feel mighty!
You closely miss the orc.
The orc is heavily wounded.
The orc barely misses you. x2; The orc closely misses you.
Unknown command.
Unknown command.
You barely miss the orc.
The orc is heavily wounded.
You hear some strange, mumbled words.
You are confused.
The orc hits you with a +0 hand axe.
* * * LOW HITPOINT WARNING * * *
The orc barely misses you.
You closely miss the orc.
The orc is heavily wounded.
The orc hits you but does no damage. Space warps horribly around you!!
You die...

#~.~# ####### #~.~#
....... #~.~# .......
#...# ####### ##'''#
...####### #....#
#..#.#......
#.....#..#
#..#.#.#####
#.#####o{#####..#.#.#
# #oho......#.#.#####
#..######.#.#.#....
#..#####....#.#.###
#.............†.#
########...#....#
##.##....# #.##....#
#.##.....)
#.####..###


You could see 3 orcs.

Vanquished Creatures
  Terence (D:2)
  3 gnolls
  An adder (D:2)
  4 dart slugs
  2 ribbon worms (D:2)
  An orc (D:3)
  2 ball pythons (D:1)
  7 bats
  2 endoplasms
  2 giant cockroaches
  6 goblins
  2 hobgoblins
  3 kobolds (D:1)
  2 quokkas
  A frilled lizard (D:2)
  8 rats
47 creatures vanquished.

Notes
Turn   | Place    | Note
-------+----------+-------------------------------------------
     0 | D:1      | Maxmaps the Oni Shapeshifter began the quest for the Orb.
     0 | D:1      | Reached XP level 1. HP: 19/19 MP: 1/1
    76 | D:1      | Reached XP level 2. HP: 18/29 MP: 2/2
   274 | D:1      | Reached skill level 1 in Maces & Flails
   337 | D:1      | Reached XP level 3. HP: 35/37 MP: 3/3
   393 | D:1      | Found a faded altar of an unknown god.
   665 | D:2      | Noticed Terence
   673 | D:2      | HP: 1/37 [quokka (4)]
   675 | D:2      | Gained mutation: You sometimes lose your temper in combat.
                  | [potion of mutation]
   675 | D:2      | Gained mutation: You have very sharp teeth. [potion of
                  | mutation]
   675 | D:2      | Lost mutation: You have very sharp teeth. [potion of
                  | mutation]
   675 | D:2      | Gained mutation: You are partially covered in iridescent
                  | scales. (AC +2) [potion of mutation]
   698 | D:2      | Killed Terence
   699 | D:2      | Reached skill level 2 in Maces & Flails
   705 | D:2      | Reached XP level 4. HP: 4/45 MP: 4/4
   865 | D:2      | Identified the +8 rapier of Disharmony {protect, ^Drain rN+
                  | Str+3 Int+5}
   953 | D:2      | Reached skill level 3 in Maces & Flails
  1478 | D:3      | Reached XP level 5. HP: 53/53 MP: 5/5
  1523 | D:3      | Reached skill level 4 in Maces & Flails
  1557 | D:3      | HP: 2/53 [orc/+0 hand axe of distortion (19)]
  1560 | D:3      | Demolished by an orc

Illustrated notes

Levels and vault maps discovered:
D:1:      hellmonk_arrival_library, layout_rooms, ebering_ecumenical_altar_box,
          minmay_split_cup_small
D:2:      layout_basic, uniq_terence
D:3:      layout_loops_ring, kennysheep_cross_bottleneck, grunt_ministairs_11,
          skrybe_limestone_x

Skill      XL: |  1  2  3  4  5 |
---------------+----------------+-----
Fighting       | 2 3 |  3.0
Maces & Flails | 1 2 3 4 |  4.0
Dodging        | |  1.7
Unarmed Combat | |  2.6
Shapeshifting  | |  3.0

Action                     |  1- 3 |  4- 6 || total
---------------------------+-------+-------++-------
  Melee: Whip              |    94 |    53 ||   147
         Unarmed           |     1 |       ||     1
         Headbutt          |     8 |    13 ||    21
         Flail             |       |    15 ||    15
    Use: Potion            |     4 |       ||     4
         Scroll            |       |     4 ||     4
 Armour: Animal skin       |    62 |    61 ||   123
         Skin              |    57 |       ||    57
  Dodge: Dodged            |    42 |    34 ||    76

Table legend: (Time is in decaauts)
 A = Elapsed time spent in this place.
 B = Non-inter-level travel time spent in this place.
 C = Inter-level travel time spent in this place.
 D = Time resting spent in this place.
 E = Time spent auto-exploring this place.
 F = Levels seen in this place.
 G = Mean time per level.
                   A        B        C        D        E       F      G
               +--------+--------+--------+--------+--------+-----+--------+
         Total |   1595 |   1544 |     51 |    241 |    923 |   3 |  531.7 |
       Dungeon |   1595 |   1544 |     51 |    241 |    923 |   3 |  531.7 |
               +--------+--------+--------+--------+--------+-----+--------+

Top non-repeatable levels by time:
     D:2: 887 daAuts
     D:1: 547 daAuts
     D:3: 161 daAuts
